 Dungeon Crawl Stone Soup version 0.21.1-1-g345015fe64 (webtiles) character file.

214 Kohma the Grave Robber (level 5, -2/39 HPs)
             Began as a Demonspawn Necromancer on June 22, 2018.
             Slain by Lokiki's ghost (12 damage)
             ... on level 3 of the Dungeon.
             The game lasted 00:16:04 (3809 turns).

Kohma the Grave Robber (Demonspawn Necromancer)     Turns: 3809, Time: 00:16:04

Health: -2/39      AC:  4    Str:  9    XL:     5   Next: 59%
Magic:  9/9        EV: 12    Int: 16    God:
Gold:   148        SH:  0    Dex: 14    Spells: 5/10 levels left

rFire    + . .     SeeInvis +   a - +1 trident (flame)
rCold    . . .     Gourm    .   (no shield)
rNeg     . . .     Faith    .   g - +0 robe
rPois    .         Spirit   .   k - +1 helmet
rElec    .         Reflect  .   (no cloak)
rCorr    .         Harm     .   (no gloves)
MR       .....     Clarity  +   (no boots)
Stlth    ++........             (no amulet)
HPRegen  0.13/turn              (no ring)
MPRegen  0.11/turn              (no ring)

@: lethally poisoned (-2 -> -3)
A: claws 1, talons 1, see invisible, clarity, fire resistance 1, rot immunity
a: no special abilities


You were on level 3 of the Dungeon.
You were hungry.

You visited 1 branch of the dungeon, and saw 3 of its levels.

You collected 148 gold pieces.

Inventory:

Hand Weapons
 a - a +1 trident of flaming (weapon)
 b - a +0 hunting sling
Missiles
 c - 10 sling bullets
 f - 147 stones (quivered)
Armour
 g - a +0 robe (worn)
 k - a +1 helmet (worn)
Scrolls
 d - 3 scrolls of teleportation {unknown}
 h - 2 scrolls of remove curse
 i - 3 scrolls of identify
 j - 2 scrolls of enchant armour {unknown}
 m - a scroll of fear {unknown}
 q - 2 scrolls of amnesia {unknown}
Potions
 l - a potion of flight
 p - 2 potions of degeneration
Books
 e - a book of Necromancy

   Spells                             Type                      Level
   a - Pain                           Necromancy                   1
   b - Animate Skeleton               Necromancy                   1
   c - Vampiric Draining              Necromancy                   3
   d - Regeneration                   Charms/Necromancy            3
   e - Animate Dead                   Necromancy                   4
   f - Borgnjor's Vile Clutch         Necromancy/Earth             5
Comestibles
 n - a chunk of flesh
 t - 3 rations


   Skills:
 + Level 2.4 Fighting
 - Level 1.7 Dodging
 - Level 1.7 Stealth
 + Level 3.2 Spellcasting
 * Level 6.2 Necromancy


You had 5 spell levels left.
You knew the following spells:

 Your Spells              Type           Power        Failure   Level  Hunger
a - Pain                  Necr           ###.         1%          1    None
b - Animate Skeleton      Necr           N/A          1%          1    None
c - Vampiric Draining     Necr           ###.......   4%          3    ###....


Dungeon Overview and Level Annotations

Branches:
Dungeon (3/15)

Altars:

Annotations:
D:3 Lokiki's ghost, amateur DsFi


Innate Abilities, Weirdness & Mutations

You have sharp fingernails.
You have sharp toenails.
You are immune to rotting.
You have supernaturally acute eyesight. (SInv)
You possess an exceptional clarity of mind.
Your flesh is heat resistant. (rF+)


Message History

You feel sick.
Lokiki's ghost screams, "I'll kill anyone who wants the ORB!"
You hit Lokiki's ghost but do no damage.
You claw Lokiki's ghost.
Lokiki's ghost is lightly damaged.
Lokiki's ghost hits you!
Evoke which item? (* to show all) (? for menu, Esc to quit)
Attack whom?
Press: ? - help, Dir - move target cursor, f/p - Lokiki's ghost
Aim: Lokiki's ghost (lightly damaged)
You are feeling hungry.
You hit Lokiki's ghost. You burn Lokiki's ghost.
You claw Lokiki's ghost, but do no damage.
Lokiki's ghost is moderately damaged.
Lokiki's ghost hits you. Lokiki's ghost hits you!
* * * LOW HITPOINT WARNING * * *
You miss Lokiki's ghost.
Lokiki's ghost is moderately damaged.
You feel sick. Lokiki's ghost hits you!
You die...

##### #############
#...# #...@W......#
....# #.#########.#
....# #.# ####.# ..###
#.# #....# ..# #.#
#S#### ..# #.# #.#
..###########.# #.#
..'.......>##.######.#
..###.####.##.#....S.#


You could see Lokiki's ghost.

Vanquished Creatures
  A crimson imp (D:3)
  A hound (D:3)
  8 adders
  A shadow imp (D:3)
  2 worms
  2 dart slugs (D:1)
  An orc (D:3)
  A giant cockroach (D:1)
  6 goblins
  4 hobgoblins (D:3)
  7 jackals
  A ball python (D:3)
  7 bats
  2 frilled lizards
  14 kobolds
  11 rats
69 creatures vanquished.

Vanquished Creatures (collateral kills)
  An orc (D:3)
  A goblin (D:2)
  A jackal (D:3)
3 creatures vanquished.

Grand Total: 72 creatures vanquished

Notes
Turn   | Place    | Note
-------+----------+-------------------------------------------
     0 | D:1      | Kohma the Demonspawn Necromancer began the quest for the Orb.
     0 | D:1      | Reached XP level 1. HP: 13/13 MP: 3/3
   373 | D:1      | Gained mutation: You have sharp toenails. [demonic ancestry]
   373 | D:1      | Reached XP level 2. HP: 9/20 MP: 1/5
   701 | D:1      | Learned a level 1 spell: Animate Skeleton
   754 | D:1      | HP: 1/20 [jackal (1)]
   755 | D:1      | Reached skill level 1 in Fighting
   990 | D:1      | Reached skill level 5 in Necromancy
  1052 | D:1      | Gained mutation: You are immune to rotting. [demonic ancestry]
  1052 | D:1      | Reached XP level 3. HP: 2/26 MP: 0/6
  1694 | D:1      | Learned a level 3 spell: Vampiric Draining
  3095 | D:3      | Reached XP level 4. HP: 28/32 MP: 7/7
  3324 | D:3      | Gained mutation: Your flesh is heat resistant. (rF+) [potion of mutation]
  3324 | D:3      | Gained mutation: You possess an exceptional clarity of mind. [potion of mutation]
  3324 | D:3      | Gained mutation: You have supernaturally acute eyesight. (SInv) [potion of mutation]
  3353 | D:3      | Gained mutation: You have sharp fingernails. [demonic ancestry]
  3353 | D:3      | Reached XP level 5. HP: 32/38 MP: 9/9
  3411 | D:3      | Reached skill level 6 in Necromancy
  3777 | D:3      | Noticed Lokiki's ghost (amateur DsFi)
  3809 | D:3      | Slain by Lokiki's ghost

Skill      XL: |  1  2  3  4  5 |
---------------+----------------+-----
Fighting       | 1 2 |  2.4
Necromancy     | 5 6 |  6.2
Spellcasting   | 3 |  3.2
Dodging        | |  1.7
Stealth        | |  1.7

Action                   |  1- 3 |  4- 6 || total
-------------------------+-------+-------++-------
Melee: Unarmed           |     3 |       ||     3
       Short sword       |    27 |       ||    27
       Kick              |     3 |    15 ||    18
       Trident           |     9 |    88 ||    97
 Fire: Hunting sling     |    42 |       ||    42
 Cast: Pain              |    50 |     7 ||    57
       Animate Skeleton  |     7 |    10 ||    17
  Use: Scroll            |     1 |     4 ||     5
       Potion            |       |     4 ||     4
 Stab: Sleeping          |     2 |       ||     2
  Eat: Ration            |     1 |       ||     1
       Chunk             |     3 |     3 ||     6
Armor: Robe              |    27 |    31 ||    58
Dodge: Dodged            |    75 |    57 ||   132
